 Dungeon Crawl Stone Soup version 0.23-a0-577-g2b1de94 (webtiles) character file.

16 zishaf the Skirmisher (level 2, 0/27 HPs)
             Began as a Minotaur Fighter on Dec 14, 2018.
             Slain by an adder (2 damage)
             ... on level 2 of the Dungeon.
             The game lasted 00:00:59 (354 turns).

zishaf the Skirmisher (Minotaur Fighter)             Turns: 354, Time: 00:01:00

Health: 0/27       AC:  7    Str: 20    XL:     2   Next: 37%
Magic:  1/1        EV:  7    Int:  5    God:
Gold:   17         SH:  9    Dex:  9    Spells: 1/1 levels left

rFire    . . .     SeeInvis .   a - +0 war axe
rCold    . . .     Gourm    .   c - +0 shield
rNeg     . . .     Faith    .   b - +0 scale mail
rPois    .         Spirit   .   (helmet restricted)
rElec    .         Reflect  .   (no cloak)
rCorr    .         Harm     .   (no gloves)
MR       .....                  (no boots)
Stlth    ..........             (no amulet)
HPRegen  0.09/turn              (no ring)
MPRegen  0.07/turn              (no ring)

@: lethally poisoned (0 -> -8)
A: retaliatory headbutt, horns 2
a: no special abilities


You were on level 2 of the Dungeon.
You were not hungry.

You visited 1 branch of the dungeon, and saw 2 of its levels.

You collected 17 gold pieces.

Inventory:

Hand Weapons
 a - a +0 war axe (weapon)
Armour
 b - a +0 scale mail (worn)
 c - a +0 shield (worn)
Scrolls
 e - a scroll of teleportation {unknown}
 h - 2 scrolls of identify {unknown}
 j - a scroll of noise {unknown}
Potions
 d - a potion of might
 i - a potion of heal wounds {unknown}
Comestibles
 f - 3 rations
 g - 6 chunks of flesh


   Skills:
 * Level 4.0 Fighting
 + Level 2.7 Axes
 + Level 3.8 Armour
 + Level 3.8 Shields


You had one spell level left.
You didn't know any spells.
Your spell library was empty.

Dungeon Overview and Level Annotations

Branches:
Dungeon (2/15)

Altars:


Innate Abilities, Weirdness & Mutations

You reflexively headbutt those who attack you in melee.
You have a pair of horns on your head.


Message History

You closely miss the adder.
The adder is heavily wounded.
You feel sick. The adder closely misses you. You furiously retaliate!
You headbutt the adder. The adder bites you but does no damage.
You closely miss the adder.
The adder is almost dead.
* * * LOW HITPOINT WARNING * * *
You feel sick. The adder bites you.
* * * LOW HITPOINT WARNING * * *
The adder bites you but does no damage.
You closely miss the adder. Your headbutt misses the adder.
The adder is almost dead.
* * * LOW HITPOINT WARNING * * *
You feel sick. The adder bites you but does no damage.
You block the adder's attack.
You closely miss the adder.
The adder is almost dead.
* * * LOW HITPOINT WARNING * * *
You feel sick. The adder bites you but does no damage. The adder bites you.
You die...

...............
...............
.............#
.............##
..............##
...............#
......S........#
.......@.รท.....+
...............#
#..............#
####+#...#.....#
..#+##### #...#.....#
........###+#####.....#
................#.....#
................#.....#
..................#.....#


You could see an adder.

Vanquished Creatures
  An ooze (D:1)
  A ball python (D:2)
  A bat (D:1)
  2 giant cockroaches (D:1)
  A goblin (D:2)
  2 hobgoblins (D:1)
  2 rats (D:1)
10 creatures vanquished.

Notes
Turn   | Place    | Note
-------+----------+-------------------------------------------
     0 | D:1      | zishaf the Minotaur Fighter began the quest for the Orb.
     0 | D:1      | Reached XP level 1. HP: 19/19 MP: 0/0
    41 | D:1      | Reached XP level 2. HP: 27/27 MP: 1/1
    76 | D:1      | Reached skill level 4 in Fighting
   281 | D:1      | You fall through a shaft!
   354 | D:2      | Slain by an adder

Vault maps used:
D:1:      lightli_iron_boxes, minivault_14
D:2:      nicolae_overflow_hidden_temple

Skill      XL: |  1  2 |
---------------+-------+-----
Fighting       | 4 |  4.0
Axes           | |  2.7
Armour         | |  3.8
Shields        | |  3.8

Action                   || total
-------------------------++-------
Melee: War axe           ||    49
       Headbutt          ||     4
Armor: Scale mail        ||    29
Dodge: Dodged            ||     8
Block: Shield            ||    26

Table legend:
 A = Non-vault XP
 B = Vault XP
 C = Vault XP percentage of total XP
 D = Non-vault monster count
 E = Vault monster count
 F = Vault count percentage of total count
                 A         B        C        D         E       F
            +---------+---------+-------+---------+---------+-------
      Total |      23 |       0 |   0.0 |      10 |       0 |   0.0
            +---------+---------+-------+---------+---------+-------
        D:1 |      19 |       0 |   0.0 |       8 |       0 |   0.0
        D:2 |       4 |       0 |   0.0 |       2 |       0 |   0.0
            +---------+---------+-------+---------+---------+-------
